 Dungeon Crawl Stone Soup version 0.31-a0-145-g046c7d2549 (webtiles) character file.

Game seed: 16168730048407223834

9675 Ge0ff the Tainter (level 11, 0/72 HPs)
             Began as an Octopode Reaver on June 5, 2023.
             Was an Initiate of Gozag.
             Slain by a vampire mosquito (8 damage)
             ... on level 11 of the Dungeon.
             The game lasted 00:30:33 (14481 turns).

Ge0ff the Tainter (Octopode Reaver)                Turns: 14481, Time: 00:30:33

Health: 0/72       AC:  1    Str: 18    XL:     11   Next: 50%
Magic:  1/19       EV: 13    Int: 20    God:    Gozag
Gold:   369        SH:  0    Dex: 10    Spells: 5/20 levels left

rFire   . . .        a - +3 dagger (drain)
rCold   . . .        (no shield)
rNeg    . . .        (helmet restricted)
rPois   .            R - amulet of magic regeneration
rElec   .            Q - +6 ring of strength
rCorr   .            P - ring of flight
SInv    .            (no ring)
Will    .....        (no ring)
Stlth   +++          (no ring)
HPRegen 0.32/turn    (no ring)
MPRegen 0.56/turn    (no ring)
                     (no ring)

%: no passive effects
@: brilliant, gold aura, flying
A: almost no armour, amphibious, 8 rings, camouflage 1, gelatinous body 1,
(nimble swimmer 1), tentacles
a: Renounce Religion, Potion Petition, Call Merchant, Bribe Branch


You were on level 11 of the Dungeon.
You worshipped Gozag.
Gozag was aware of your devotion.
You visited 2 branches of the dungeon, and saw 12 of its levels.

You collected 818 gold pieces.
You spent 283 gold pieces at shops.
You paid 166 gold pieces to Gozag.

Inventory:

Hand Weapons
 a - a +3 dagger of draining (weapon)
 b - a +1 dagger of flaming
 L - a +0 short sword of venom
 U - a +0 sling
Missiles
 N - 24 poisoned darts
 O - 87 stones
 S - 12 atropa-tipped darts
 Z - 7 boomerangs
Armour
 Y - a +1 buckler
Jewellery
 P - a ring of flight (right tentacle)
 Q - a +6 ring of strength (left tentacle)
 R - an amulet of magic regeneration (around mantle)
 W - an amulet of the acrobat
Wands
 d - a wand of digging (3)
 f - a wand of flame (13)
Scrolls
 B - a scroll of blinking
 J - a scroll of silence {!r}
 T - a scroll of teleportation
 V - a scroll of vulnerability
Potions
 o - a potion of ambrosia
 q - 2 potions of curing
 A - 2 potions of attraction
 M - a potion of might
 X - a potion of enlightenment


   Skills:
 + Level 5.4 Fighting
 - Level 7.0 Short Blades
 - Level 3.0 Dodging
 - Level 3.0 Stealth
 + Level 5.4 Spellcasting
 - Level 7.0 Conjurations
 - Level 1.0 Necromancy
 - Level 5.0 Translocations
 - Level 1.0 Ice Magic
 - Level 3.0 Air Magic
 - Level 7.0 Earth Magic
 - Level 10.0 Poison Magic
 - Level 3.0 Evocations


You had 5 spell levels left.
You knew the following spells:

 Your Spells              Type           Power      Damage    Failure   Level
m - Stone Arrow           Conj/Erth      100%       3d13      1%          3
n - Momentum Strike       Conj/Tloc      88%        3d10      1%          2
r - Olgreb's Toxic Radia  Pois           62%        N/A       1%          4
s - Hailstorm             Conj/Ice       32%        3d8       6%          3
C - Poisonous Vapours     Pois/Air       94%        N/A       1%          2
E - Kiss of Death         Conj/Necr      100%       2d13      2%          1

Your spell library contained the following spells:

 Spells                   Type           Power      Damage    Failure   Level
 Sting                    Tmut/Pois      100%       1d8       1%          1
 Discord                  Hex            4%         N/A       100%        8
 Ignition                 Fire           4%         3d4       100%        8
 Lehudib's Crystal Spear  Conj/Erth      25%        10d7      100%        8
 Animate Armour           Summ/Erth      Unusable   N/A       N/A         4

Dungeon Overview and Level Annotations

Branches:
Dungeon (11/15) Zot: 26980  Temple (1/1) D:5 Zot: 5870    Lair (0/5) D:9
    Orc (0/2) D:10

Altars:
Ashenzari
Cheibriados
Dithmenos
Elyvilon
Fedhas
Gozag
Hepliaklqana
Kikubaaqudgha
Makhleb
Nemelex Xobeh
Okawaru
Qazlal
Ru
Sif Muna
Trog
Uskayaw
Vehumet
Wu Jian
Xom
Yredelemnul
Zin
The Shining One

Shops:
D:2 *   D:4 *

Annotations:
D:9 2 runed translucent doors, exclusions: vampire and 1 more exclusion
D:10 exclusion: ice statue


Innate Abilities, Weirdness & Mutations

You cannot wear most types of armour.
You are amphibious.
You can wear up to eight rings at the same time.
Your skin changes colour to match your surroundings (Stealth+).
Your rubbery body absorbs attacks. (AC +1, EV +1)
((You are camouflaged when in or above water. (Stealth+)))
You have tentacles for arms and can constrict up to eight enemies at once.


Message History

Aiming: Stone Arrow (safe; 1% risk of failure)
Press: ? - help, Shift-Dir - straight line, f - vampire mosquito
Aim: a vampire mosquito (heavily damaged, 60% to hit)
You feel a surge of power!
The stone arrow misses the vampire mosquito.
The stone arrow hits the vampire mosquito!!
You destroy the vampire mosquito!
The vampire mosquito is distracted by your dazzling golden aura.
Casting: Stone Arrow (safe; 1% risk of failure)
Confirm with . or Enter, or press ? or * to list all spells.
Aiming: Stone Arrow (safe; 1% risk of failure)
Press: ? - help, Shift-Dir - straight line, f/p - vampire mosquito
Aim: a vampire mosquito (heavily damaged, unaware, hasn't noticed you, 60% to hit)
You feel a surge of power!
The stone arrow hits the vampire mosquito!
The vampire mosquito is almost destroyed.
The vampire mosquito is no longer distracted by gold.
The vampire mosquito buzzes angrily.
The vampire mosquito barely misses you.
Casting: Stone Arrow (safe; 1% risk of failure)
Confirm with . or Enter, or press ? or * to list all spells.
Aiming: Stone Arrow (safe; 1% risk of failure)
Press: ? - help, Shift-Dir - straight line, f/p - vampire mosquito
Aim: a vampire mosquito (almost destroyed, 60% to hit)
You feel a surge of power!
The stone arrow hits the vampire mosquito!
You destroy the vampire mosquito!
The vampire mosquito misses you.
You feel better. The vampire mosquito bites you.
* * * LOW HITPOINT WARNING * * *
The vampire mosquito draws strength from your injuries!
The vampire mosquito bites you!
* * * LOW HITPOINT WARNING * * *
The vampire mosquito draws strength from your injuries!
You feel better.
The vampire mosquito is distracted by your dazzling golden aura.
Casting: Stone Arrow (safe; 1% risk of failure)
Confirm with . or Enter, or press ? or * to list all spells.
Aiming: Stone Arrow (safe; 1% risk of failure)
Press: ? - help, Shift-Dir - straight line, f - vampire mosquito
Aim: a vampire mosquito (unaware, hasn't noticed you, 63% to hit)
You feel a surge of power!
The stone arrow hits the vampire mosquito!!
The vampire mosquito is severely damaged.
The vampire mosquito is no longer distracted by gold.
The vampire mosquito buzzes angrily.
The vampire mosquito completely misses you.
The vampire mosquito bites you!
You die...
Your body crumbles into a pile of gold.

.. #.#### $
.#+# .... ....
.># #..##.#
#...y.# ##
....#.##$# .#
#
#.##.#######.#
#......$..y@.#
####.#########
... ##.## ..#
.## . ##


You could see a vampire mosquito.

Vanquished Creatures
  Nergalle (D:10)
  Joseph (D:8)
  A hornet (D:10)
  3 trolls
  A shadow (D:10)
  2 vampires
  A wyvern (D:10)
  13 yaks
  Grum (D:8)
  3 vampire mosquitoes (D:11)
  2 steam dragons
  A warg (D:10)
  3 water moccasins
  An acid dragon (D:9)
  5 orc warriors
  3 black bears
  An ice beast (D:7)
  2 sky beasts
  6 ogres
  2 wolves (D:8)
  4 centaurs
  A phantom (D:6)
  2 kobold brigands
  2 bullfrogs
  2 scorpions (D:5)
  9 wights
  2 electric eels (D:10)
  A jelly (D:5)
  9 hounds
  6 orc priests
  Ijyb (D:3)
  Terence (D:3)
  6 iguanas
  12 orc wizards
  A gnoll (D:4)
  7 adders
  2 shadow imps
  3 white imps
  5 dart slugs
  40 orcs
  3 ball pythons
  6 bats
  4 endoplasms
  A giant cockroach (D:1)
  14 goblins
  6 hobgoblins
  5 jackals
  3 quokkas
  5 frilled lizards
  21 kobolds
  4 rats
241 creatures vanquished.

Notes
Turn   | Place    | Note
-------+----------+-------------------------------------------
     0 | D:1      | Ge0ff the Octopode Reaver began the quest for the Orb.
     0 | D:1      | Reached XP level 1. HP: 14/14 MP: 3/3
    22 | D:1      | Reached skill level 1 in Stealth
    64 | D:1      | Reached XP level 2. HP: 19/19 MP: 5/5
   184 | D:1      | Reached skill level 1 in Necromancy
   240 | D:1      | Learned a level 2 spell: Momentum Strike
   468 | D:1      | Reached XP level 3. HP: 24/24 MP: 6/6
   762 | D:2      | Found a stormy altar of Qazlal.
  1046 | D:2      | Reached XP level 4. HP: 23/30 MP: 7/7
  1241 | D:2      | Reached skill level 1 in Translocations
  1624 | D:2      | Found Kaobid's General Store.
  1629 | D:2      | Bought a potion of heal wounds for 60 gold pieces
  2121 | D:3      | Found a sparkling altar of Nemelex Xobeh.
  2175 | D:3      | Reached XP level 5. HP: 35/35 MP: 5/8
  2341 | D:3      | Noticed Terence
  2345 | D:3      | Noticed Ijyb
  2388 | D:3      | Killed Ijyb
  2506 | D:3      | Found a faded altar of an unknown god.
  2963 | D:3      | Found a faded altar of an unknown god.
  3024 | D:3      | Killed Terence
  3408 | D:3      | Found a sparkling altar of Nemelex Xobeh.
  3675 | D:4      | Found a sacrificial altar of Ru.
  3707 | D:4      | Reached skill level 1 in Evocations
  3707 | D:4      | Reached XP level 6. HP: 38/41 MP: 4/10
  3771 | D:4      | Found an ancient bone altar of Kikubaaqudgha.
  4028 | D:4      | Reached XP level 7. HP: 43/46 MP: 8/11
  4192 | D:4      | Found Binahyh's General Store.
  4734 | D:4      | Found a basalt altar of Yredelemnul.
  4736 | D:4      | Found a burning altar of Makhleb.
  4736 | D:4      | Found a shimmering altar of Xom.
  4738 | D:4      | Found a shadowy altar of Dithmenos.
  4738 | D:4      | Found a hazy altar of Hepliaklqana.
  4738 | D:4      | Found a basalt altar of Yredelemnul.
  4805 | D:5      | Entered Level 5 of the Dungeon
  4861 | D:5      | Learned a level 3 spell: Hailstorm
  5099 | D:5      | Found a staircase to the Ecumenical Temple.
  5113 | D:5      | Reached skill level 5 in Short Blades
  5113 | D:5      | Reached skill level 5 in Conjurations
  5113 | D:5      | Reached XP level 8. HP: 47/52 MP: 9/12
  5145 | Temple   | Entered the Ecumenical Temple
  5328 | D:4      | Bought a wand of flame (12) for 109 gold pieces
  5545 | D:5      | Reached skill level 5 in Translocations
  6516 | D:6      | Reached skill level 5 in Fighting
  6516 | D:6      | Reached XP level 9. HP: 32/61 MP: 10/13
  7245 | D:6      | Reached skill level 1 in Poison Magic
  7248 | D:6      | Learned a level 2 spell: Poisonous Vapours
  7915 | D:7      | Reached skill level 1 in Air Magic
  7915 | D:7      | Reached skill level 2 in Poison Magic
  8047 | D:7      | Reached skill level 3 in Poison Magic
  8310 | D:7      | You fall into a shaft and drop 1 floor!
  8409 | D:8      | Found a glowing golden altar of the Shining One.
  8482 | D:8      | Noticed Grum
  8484 | D:8      | Reached skill level 1 in Ice Magic
  8485 | D:8      | Killed Grum
  8495 | D:8      | Reached skill level 5 in Spellcasting
  8987 | D:7      | Learned a level 3 spell: Stone Arrow
  9050 | D:7      | Reached skill level 1 in Earth Magic
  9050 | D:7      | Reached skill level 4 in Poison Magic
  9100 | D:7      | Reached skill level 5 in Poison Magic
  9100 | D:7      | Reached XP level 10. HP: 62/66 MP: 14/17
  9109 | D:7      | Learned a level 4 spell: Olgreb's Toxic Radiance
 10288 | D:8      | Reached skill level 6 in Poison Magic
 10636 | D:8      | Noticed Joseph
 10659 | D:8      | Killed Joseph
 10856 | D:9      | Reached skill level 5 in Earth Magic
 10856 | D:9      | Reached skill level 7 in Poison Magic
 10863 | D:9      | Reached skill level 8 in Poison Magic
 11050 | D:9      | Reached skill level 9 in Poison Magic
 11176 | D:9      | Found a runed translucent door.
 11413 | D:9      | Found a stormy altar of Qazlal.
 11485 | D:9      | Found a radiant altar of Vehumet.
 11519 | D:9      | Found a blossoming altar of Fedhas.
 11563 | D:9      | Reached skill level 10 in Poison Magic
 11563 | D:9      | Reached XP level 11. HP: 71/71 MP: 9/18
 11577 | D:9      | Found a broken altar of Ashenzari.
 11723 | D:9      | Found a staircase to the Lair.
 11933 | D:9      | Found an opulent altar of Gozag.
 11938 | D:9      | Became a worshipper of Gozag Ym Sagoz the Greedy
 12120 | D:9      | Found a runed translucent door.
 12127 | D:9      | Noticed a two-headed ogre
 12282 | D:2      | Bought a scroll of blinking for 90 gold pieces
 12282 | D:2      | Bought a scroll of identify for 24 gold pieces
 12452 | D:10     | Entered Level 10 of the Dungeon
 12625 | D:10     | Found a staircase to the Orcish Mines.
 13133 | D:10     | Noticed Nergalle
 13146 | D:10     | Killed Nergalle
 13610 | D:10     | Found the +7 captain's cutlass {speed, disarm}
 14479 | D:11     | HP: 1/72 [vampire mosquito (9)]
 14481 | D:11     | Slain by a vampire mosquito

Illustrated notes

Levels and vault maps discovered:
D:1:      minmay_arrival_open_corners, layout_loops_ring,
          chequers_serial_rivers_marsh
D:2:      layout_basic, basic_altar, serial_shops, nicolae_shop_hallway_stairs,
          kennysheep_generic_room_2
D:3:      layout_basic, mainiacjoe_overflow_cross_hatched,
          nicolae_ecumenical_oubliette, uniq_ijyb, uniq_terence
D:4:      layout_loops_ring, nicolae_ru_awakened_eye, doesnt_xom_only_xom,
          lemuel_crystal_altar, serial_shops, nicolae_take_the_stairs,
          cheibrodos_gnoll_hut
D:5:      layout_loops_ring, minmay_temple_entry_water_ring,
          hangedman_abyss_or_decor_stagger
D:6:      layout_layer_cave, hangedman_decor_lopped
D:7:      layout_basic, corexii_leaking_fountain,
          minmay_a_box_with_orc_wizards_in_it
D:8:      layout_basic, lemuel_coloured_pillars_altar, uniq_grum, uniq_joseph
D:9:      cheibrodos_histonic, layout_long_grid, vehumet_altar_wand_db,
          mainiacjoe_overflow_alcove_2, overflow_temple_1_default,
          mainiacjoe_overflow_alcove_1, fedhas_altar_2, lair_entry_dummy
D:10:     statuecave_lemuel, layout_cave_pods, david_orc_1_choice, uniq_nergalle
D:11:     layout_basic
Temple:   nicolae_temple_godzebo

Skill      XL: |  1  2  3  4  5  6  7  8  9 10 11 |
---------------+----------------------------------+-----
Stealth        | 2 3 |  3.0
Necromancy     | 1 |  1.0
Translocations | 1 2 3 5 |  5.0
Fighting       | 3 5 |  5.4
Evocations     | 1 2 3 |  3.0
Short Blades   | 4 5 7 |  7.0
Spellcasting   | 3 5 |  5.4
Conjurations   | 4 5 7 |  7.0
Poison Magic   | 5 10 | 10.0
Air Magic      | 3 |  3.0
Ice Magic      | 1 |  1.0
Dodging        | 3 |  3.0
Earth Magic    | 2 5 7 |  7.0

Action                     |  1- 3 |  4- 6 |  7- 9 | 10-12 || total
---------------------------+-------+-------+-------+-------++-------
  Melee: Short sword       |    14 |       |       |       ||    14
         Constrict         |    19 |    18 |    33 |     7 ||    77
         Tentacles         |    11 |    16 |    36 |    10 ||    73
         Dagger            |    49 |    72 |   185 |    35 ||   341
         Punch             |     1 |       |     2 |       ||     3
  Throw: Stone             |       |       |     1 |     4 ||     5
         Throwing net      |       |       |       |     1 ||     1
   Cast: Momentum Strike   |       |    15 |    39 |       ||    54
         Kiss of Death     |       |     1 |       |       ||     1
         Hailstorm         |       |       |     1 |       ||     1
         Poisonous Vapours |       |       |    65 |    37 ||   102
         Stone Arrow       |       |       |     3 |    72 ||    75
         Olgreb's Toxic Ra |       |       |       |    29 ||    29
  Evoke: Wand              |       |     6 |    12 |    15 ||    33
    Use: Scroll            |     3 |       |     7 |     7 ||    17
         Potion            |       |       |     4 |     4 ||     8
   Stab: Sleeping          |     5 |     7 |     9 |       ||    21
         Distracted        |       |     1 |       |       ||     1
         Paralysed         |       |     2 |       |       ||     2
 Armour: Skin              |     6 |     6 |     6 |     2 ||    20
  Dodge: Dodged            |    20 |    41 |    70 |    44 ||   175

Table legend: (Time is in decaauts)
 A = Elapsed time spent in this place.
 B = Non-inter-level travel time spent in this place.
 C = Inter-level travel time spent in this place.
 D = Time resting spent in this place.
 E = Time spent auto-exploring this place.
 F = Levels seen in this place.
 G = Mean time per level.
                   A        B        C        D        E       F      G
               +--------+--------+--------+--------+--------+-----+--------+
         Total |  14397 |  13670 |    727 |    214 |  11487 |  12 | 1199.8 |
       Dungeon |  14267 |  13564 |    703 |    214 |  11395 |  11 | 1297.0 |
        Temple |    129 |    105 |     24 |      0 |     92 |   1 |  129.0 |
               +--------+--------+--------+--------+--------+-----+--------+

Top non-repeatable levels by time:
     D:7: 2099 daAuts
    D:10: 2008 daAuts
     D:3: 1774 daAuts
     D:6: 1716 daAuts
     D:9: 1344 daAuts
     D:4: 1325 daAuts
     D:2: 1212 daAuts
     D:8: 1075 daAuts
     D:5: 1017 daAuts
     D:1: 675 daAuts
  Temple: 129 daAuts
    D:11: 18 daAuts
